 Dungeon Crawl Stone Soup version 0.18-a0-1435-gee79d65 (webtiles) character file.

121 gorblad the Skirmisher (level 5, -5/42 HPs)
             Began as a Human Fighter on Feb 28, 2016.
             Slain by M4edhros's ghost (10 damage)
             ... on level 4 of the Dungeon.
             The game lasted 00:05:28 (2852 turns).

gorblad the Skirmisher (Human Fighter)              Turns: 2852, Time: 00:05:29

Health: -5/42      AC:  5    Str: 22    XL:     5   Next: 26%
Magic:  5/5        EV:  9    Int:  9    God:
Gold:   214        SH:  9    Dex: 12    Spells: 0 memorised, 4 levels left

rFire  . . .     SeeInvis .     a - +0 long sword
rCold  . . .     Gourm    .     n - +0 ring mail
rNeg   . . .     Faith    .     c - +0 shield
rPois  .         Spirit   .     (no helmet)
rElec  .         Dismiss  .     (no cloak)
rCorr  .         Reflect  .     (no gloves)
SustAt .         Harm     .     (no boots)
MR     .....                    (no amulet)
Stlth  +.........               (no ring)
                                (no ring)

@: mighty, lethally poisoned (-5 -> -5), not resistant to hostile enchantments,
very unstealthy
A: no striking features
a: no special abilities


You were on level 4 of the Dungeon.
You were hungry.

You visited 1 branch of the dungeon, and saw 4 of its levels.

You collected 214 gold pieces.

Inventory:

Hand Weapons
 a - a +0 long sword (weapon)
Armour
 b - a +0 scale mail
 c - a +0 shield (worn)
 n - a +0 ring mail (worn)
Scrolls
 g - a scroll of teleportation
 i - a scroll of fear {unknown}
 j - a scroll of recharging
 p - 2 scrolls of remove curse
Potions
 d - 2 potions of might
 e - a potion of magic
 h - a potion of cure mutation
Comestibles
 f - 3 bread rations
 k - a chunk of flesh
 r - 2 meat rations


   Skills:
 + Level 3.9 Fighting
 + Level 2.6 Long Blades
 + Level 3.5 Armour
 + Level 1.8 Dodging
 + Level 3.4 Shields


You had 4 spell levels left.
You didn't know any spells.

Dungeon Overview and Level Annotations

Branches:
Dungeon (4/15)
 Temple: D:4-7

Altars:
Fedhas
Qazlal

Annotations:
D:4 M4edhros's ghost, amateur OpAr


Message History

You kill the worker ant!
You slash M4edhros's ghost!
M4edhros's ghost is moderately damaged.
You feel sick. You block M4edhros's ghost's attack.
You closely miss M4edhros's ghost.
M4edhros's ghost is moderately damaged.
M4edhros's ghost closely misses you. M4edhros's ghost barely misses you.
You barely miss M4edhros's ghost.
M4edhros's ghost is moderately damaged.
You feel sick. M4edhros's ghost closely misses you.
Your shield and ring mail prevent you from hitting M4edhros's ghost.
M4edhros's ghost is moderately damaged.
M4edhros's ghost hits you but does no damage.
You closely miss M4edhros's ghost.
M4edhros's ghost is moderately damaged.
M4edhros's ghost closely misses you. You block M4edhros's ghost's attack.
You miss M4edhros's ghost.
M4edhros's ghost is moderately damaged.
You feel sick. M4edhros's ghost hits you!
You die...

#..# . # #..# .. ##. #..#
... ##.. ##..# # ....##..#
####...#### ..(.....#
##.<.....#.. ........##
##......[....
.......(.######............
>..!.##..W@.#.............#
..< #####(..............# .
###.............#
##..#######...# #.## #####
#.# # ..# # ####


You could see M4edhros's ghost.

Vanquished Creatures
  A worker ant (D:4)
  4 adders
  2 worms
  A dart slug (D:1)
  A giant gecko (D:2)
  An orc (D:3)
  2 giant cockroaches
  10 goblins
  7 hobgoblins
  3 jackals (D:3)
  6 kobolds
  4 bats
  6 giant newts
  A quokka skeleton (D:4)
  5 rats
54 creatures vanquished.

Notes
Turn   | Place    | Note
--------------------------------------------------------------
     0 | D:1      | gorblad the Human Fighter began the quest for the Orb.
     0 | D:1      | Reached XP level 1. HP: 18/18 MP: 1/1
     6 | D:1      | Noticed a water moccasin
     6 | D:1      | Noticed a swamp worm
     6 | D:1      | Noticed a komodo dragon
     7 | D:1      | Noticed a hog
   187 | D:1      | Reached XP level 2. HP: 17/24 MP: 2/2
   335 | D:1      | Reached skill level 1 in Dodging
   654 | D:1      | Reached XP level 3. HP: 29/29 MP: 3/3
  1627 | D:2      | Reached XP level 4. HP: 35/35 MP: 4/4
  1957 | D:3      | Found a blossoming altar of Fedhas.
  1968 | D:3      | Found a stormy altar of Qazlal.
  2674 | D:3      | Gained mutation: You are occasionally teleported next to monsters. [potion of mutation]
  2674 | D:3      | Lost mutation: You are occasionally teleported next to monsters. [potion of mutation]
  2724 | D:4      | Reached XP level 5. HP: 39/42 MP: 5/5
  2830 | D:4      | Noticed M4edhros's ghost (amateur OpAr)
  2852 | D:4      | Slain by M4edhros's ghost

Vault maps used:
D:1:      onia_arrival_zoo_common
D:3:      grunt_temple_overflow_forces_of_nature, first_bread
D:4:      kennysheep_little_box, uniq_eustachio

Skill      XL: |  1  2 |
---------------+-------+-----
Dodging        | 1 |  1.8
Fighting       | |  3.9
Long Blades    | |  2.6
Armour         | |  3.5
Shields        | |  3.4

Action                   |  1- 3 |  4- 6 || total
-------------------------+-------+-------++-------
Melee: Long sword        |   115 |   113 ||   228
  Use: Scroll            |     2 |     5 ||     7
       Potion            |       |     6 ||     6
  Eat: Chunk             |     1 |     5 ||     6
